 Dungeon Crawl Stone Soup version 0.29-a0-542-g075992c915 (console) character file.

Game seed: 7901254283322815579

865 atomjack2 the Summoner (level 8, 0/51 (52) HPs)
             Began as a Barachi Summoner on June 4, 2022.
             Slain by an orc wizard
             ... wielding a +4 dagger of draining
              (3 damage)
             ... on level 4 of the Dungeon.
             The game lasted 00:17:33 (6603 turns).

atomjack2 the Summoner (Barachi Summoner)           Turns: 6603, Time: 00:17:33

HP:   0/51 (52)     AC:  5    Str: 10    XL:     8   Next: 3%
MP:   1/17          EV: 12    Int: 17    God:
Gold: 309           SH:  0    Dex: 13    Spells: 7/20 levels left

rFire   + . .      SeeInvis .   a - +5 spear (freeze)
rCold   . . .      Faith    .   (no shield)
rNeg    . . .      Spirit   .   x - +2 robe {rF+}
rPois   +          Reflect  .   u - +0 helmet
rElec   .          Harm     .   (no cloak)
rCorr   .          Rampage  .   (no gloves)
Will    .....                   (no boots)
Stlth   ++........              (no amulet)
HPRegen 0.17/turn               r - ring of poison resistance
MPRegen 0.15/turn               (no ring)

@: lightly drained, slow
A: amphibious, slowness 1, strong legs 1, +LOS
a: Hop


You were on level 4 of the Dungeon.
You visited 1 branch of the dungeon, and saw 4 of its levels.
You also visited: Sewer.

You collected 309 gold pieces.

Inventory:

Hand Weapons
 a - a +5 spear of freezing (weapon)
 f - a +0 dagger
 j - a +0 short sword
 s - a +1 antimagic dagger
Armour
 q - a +0 robe
 u - a +0 helmet (worn)
 x - a +2 robe of fire resistance (worn)
Jewellery
 o - a ring of fire
 r - a ring of poison resistance (left hand)
 v - an amulet of guardian spirit
Scrolls
 g - 2 scrolls of poison {unknown}
 h - a scroll of fear {unknown}
 i - 2 scrolls of noise
 m - 6 scrolls of identify {unknown}
 n - a scroll of blinking {unknown}
 p - 6 scrolls of amnesia {unknown}
 w - 4 scrolls of teleportation {unknown}
 y - a scroll of enchant weapon {unknown}
 z - a scroll of magic mapping {unknown}
Potions
 b - a potion of magic
 d - 2 potions of curing {unknown}
 e - a potion of lignification {unknown}
 k - a potion of degeneration {unknown}
 l - a potion of haste {unknown}
 t - a potion of attraction {unknown}
 A - 4 potions of flight
 B - a potion of mutation


   Skills:
 - Level 2.2 Dodging
 - Level 1.8 Stealth
 + Level 6.5 Spellcasting
 + Level 8.9 Summonings


You had 7 spell levels left.
You knew the following spells:

 Your Spells              Type           Power      Damage    Failure   Level
a - Summon Small Mammal   Summ           100%       N/A       1%          1
b - Call Imp              Summ           36%        N/A       1%          2
c - Call Canine Familiar  Summ           36%        N/A       1%          3
d - Summon Guardian Gole  Hex/Summ       20%        N/A       6%          3
e - Summon Lightning Spi  Summ/Air       20%        N/A       19%         4

Your spell library contained the following spells:

 Spells                   Type           Power      Damage    Failure   Level
 Beastly Appendage        Tmut           10%        N/A       12%         1
 Wereblood                Tmut           5%         N/A       19%         2
 Spider Form              Tmut/Pois      5%         N/A       36%         3
 Cause Fear               Hex            2%         N/A       77%         4
 Dragon Form              Tmut           2%         N/A       100%        7
 Dragon's Call            Summ           18%        N/A       100%        9


Dungeon Overview and Level Annotations

Branches:
Dungeon (4/15)              Sewer (visited)
 Temple: D:4-7

Altars:
Gozag

Annotations:
D:4 Dowan


Innate Abilities, Weirdness & Mutations

You are amphibious.
You cover ground slowly.
You can hop short distances.
You have an extended range of vision and can be seen from far away.


Message History

You reach to attack!
You closely miss Dowan.
Dowan is severely wounded.
The orc priest mumbles some strange prayers to Beogh against you.
Beogh smites you! Dowan hits you with a +0 dagger.
You hit Dowan. You freeze Dowan.
Dowan is almost dead.
The orc priest calls upon Beogh to heal the orc priest.
The orc priest looks braver for a moment.
Dowan mumbles some strange words.
Dowan blinks!
You are too injured to fight recklessly!
Casting: Summon Guardian Golem (dangerous; 6% risk of failure)
Confirm with . or Enter, or press ? or * to list all spells.
Dowan gestures at you while chanting.
The shard of ice hits your guardian golem!
Your guardian golem partially resists.
Your guardian golem overheats!
Unknown command.
You are too injured to fight recklessly!
Unknown command.
Unknown command.
You closely miss the orc priest.
The orc priest is heavily wounded.
Dowan mumbles some strange words.
Dowan blinks!
The orc priest hits you with a +0 dagger.
* * * LOW HITPOINT WARNING * * *
A magic dart appears from out of thin air!
The magic dart hits you.
* * * LOW HITPOINT WARNING * * *
Okay, then.
Unknown command.
As you read the scroll of fog, it crumbles to dust.
The scroll dissolves into smoke.
Your hound closely misses the orc priest.
The orc priest barely misses you.
Your hound bites the orc priest.
Unknown command.
Something hits you.
* * * LOW HITPOINT WARNING * * *
You feel drained.
You die...

## ### .# #.## .#
###..# .# #...)## ##
###.....##
########........##
#.##.............#
...>.....).......#####
...##...#.......§##..#
...............§§§§..#
......#..e...§.h@#..###
..#...#......§§o{§....#
.###....##....9#o.....#
.........#....#..#...##
....##........##)###.#
.##.
###......##.#.##### ##
#..............# # #
#.......#........# #
... ................##
##....
.#........#....##
...... #.......##e....#


You could see 2 orc priests, a friendly guardian golem (summoned, inner flame)
and a friendly hound (summoned, sheltered).

Vanquished Creatures
  2 nameless horrors
  Duvessa (D:4)
  Blork the orc (D:4)
  Terence (D:2)
  7 adders
  4 gnolls
  3 river rats
  2 worms (Sewer)
  A dart slug (D:1)
  An orc (D:4)
  12 bats
  4 endoplasms
  5 giant cockroaches
  8 goblins
  4 hobgoblins
  7 jackals
  4 quokkas
  6 ball pythons
  4 frilled lizards
  7 kobolds
  3 rats
87 creatures vanquished.

Vanquished Creatures (collateral kills)
  Sigmund (D:2)
  A scorpion (D:3)
  Natasha (thrice) (D:2)
  Robin (D:2)
  3 gnolls (D:4)
  4 adders
  A river rat (Sewer)
  2 worms
  2 dart slugs (D:1)
  2 orcs (D:3)
  2 bats
  6 endoplasms
  4 giant cockroaches
  3 goblins (D:2)
  8 hobgoblins
  2 jackals
  A kobold (D:1)
  2 quokkas
  4 ball pythons
  3 frilled lizards (D:1)
  3 rats (D:1)
58 creatures vanquished.

Vanquished Creatures (others)
  A gnoll (D:2)
  4 orcs
  14 plants (D:4)
19 creatures vanquished.

Grand Total: 164 creatures vanquished

Notes
Turn   | Place    | Note
-------+----------+-------------------------------------------
     0 | D:1      | atomjack2 the Barachi Summoner began the quest for the Orb.
     0 | D:1      | Reached XP level 1. HP: 13/13 MP: 3/3
    99 | D:1      | Reached skill level 5 in Summonings
   127 | D:1      | Reached XP level 2. HP: 14/19 MP: 0/5
   910 | D:1      | Reached XP level 3. HP: 24/24 MP: 6/6
  1106 | D:1      | Learned a level 2 spell: Call Imp
  1110 | D:1      | Learned a level 3 spell: Call Canine Familiar
  1986 | D:2      | Reached skill level 6 in Summonings
  2036 | D:2      | Reached XP level 4. HP: 26/30 MP: 5/8
  2382 | D:2      | Noticed Robin
  2404 | D:2      | Killed Robin
  2685 | D:2      | Found an opulent altar of Gozag.
  2715 | D:2      | Noticed Natasha
  2722 | D:2      | Killed Natasha
  2723 | D:2      | Reached XP level 5. HP: 21/35 MP: 3/10
  2725 | D:2      | Noticed Natasha
  2741 | D:2      | Killed Natasha
  2746 | D:2      | Learned a level 3 spell: Summon Guardian Golem
  2871 | D:2      | Noticed Natasha
  2884 | D:2      | Killed Natasha
  2991 | D:2      | Noticed Sigmund
  3063 | D:2      | Killed Sigmund
  3064 | D:2      | Reached skill level 5 in Spellcasting
  3064 | D:2      | Reached skill level 7 in Summonings
  3064 | D:2      | Reached XP level 6. HP: 20/41 MP: 0/13
  3462 | D:2      | Noticed Terence
  3471 | D:2      | Killed Terence
  4091 | D:3      | Reached XP level 7. HP: 40/46 MP: 8/15
  4356 | D:3      | Learned a level 4 spell: Summon Lightning Spire
  4961 | D:4      | Noticed Blork the orc
  4967 | D:4      | Killed Blork the orc
  4968 | D:4      | Reached skill level 8 in Summonings
  5000 | D:4      | Noticed Duvessa
  5001 | D:4      | Noticed Dowan
  5014 | D:4      | Killed Duvessa
  5021 | D:4      | Noticed a nameless horror
  5163 | D:4      | Killed a nameless horror
  5171 | D:4      | Found a glowing drain.
  5271 | Sewer    | Entered a sewer
  5467 | Sewer    | Noticed a nameless horror
  5479 | Sewer    | Killed a nameless horror
  6415 | D:4      | Reached XP level 8. HP: 43/52 MP: 17/17
  6603 | D:4      | Slain by an orc wizard

Illustrated notes

Levels and vault maps discovered:
D:1:      kilobyte_arrival_exit_the_forest, layout_loops_ring,
          chequers_serial_rivers_marsh, minivault_23, minmay_pentomino_u4
D:2:      kennysheep_six_static_rooms, layout_loops_ring, basic_altar,
          grunt_ministairs_5, uniq_terence, uniq_sigmund, uniq_natasha,
          uniq_robin
D:3:      layout_basic, kennysheep_generic_room_15
D:4:      layout_cave_pools, minmay_temple_entry_oklob, portal_sewer_entry_a,
          uniq_duvessa, uniq_blork_the_orc

Skill      XL: |  1  2  3  4  5  6  7 |
---------------+----------------------+-----
Summonings     | 5 6 7 8 |  8.9
Spellcasting   | 3 5 6 |  6.5
Dodging        | |  2.2
Stealth        | |  1.8

Action                   |  1- 3 |  4- 6 |  7- 9 || total
-------------------------+-------+-------+-------++-------
Melee: Unarmed           |    15 |       |       ||    15
       Short sword       |    35 |    16 |       ||    51
       Dagger            |     4 |       |       ||     4
       Punch             |     1 |       |     1 ||     2
       Spear             |       |    35 |   153 ||   188
 Cast: Summon Small Mamm |    33 |     3 |       ||    36
       Call Canine Famil |     5 |    12 |    21 ||    38
       Call Imp          |     2 |     6 |     5 ||    13
       Summon Guardian G |       |     5 |     5 ||    10
       Summon Lightning  |       |       |     3 ||     3
  Use: Scroll            |       |       |     2 ||     2
 Stab: Sleeping          |     1 |     2 |     7 ||    10
       Distracted        |     1 |       |     1 ||     2
Armor: Robe              |    20 |     3 |    38 ||    61
Dodge: Dodged            |    44 |    31 |   106 ||   181

Table legend: (Time is in decaauts)
 A = Elapsed time spent in this place.
 B = Non-inter-level travel time spent in this place.
 C = Inter-level travel time spent in this place.
 D = Time resting spent in this place.
 E = Time spent auto-exploring this place.
 F = Levels seen in this place.
 G = Mean time per level.
                   A        B        C        D        E       F      G
               +--------+--------+--------+--------+--------+-----+--------+
         Total |   7192 |   6873 |    319 |    383 |   5088 |   5 | 1438.4 |
       Dungeon |   6062 |   5743 |    319 |    143 |   4497 |   4 | 1515.5 |
         Sewer |   1130 |   1130 |      0 |    240 |    590 |   1 | 1130.0 |
               +--------+--------+--------+--------+--------+-----+--------+

Top non-repeatable levels by time:
     D:2: 2581 daAuts
     D:1: 1749 daAuts
     D:3: 1179 daAuts
   Sewer: 1130 daAuts
     D:4: 551 daAuts
